 Dungeon Crawl Stone Soup version 0.29-a0-909-g30c7767f5c (webtiles) character file.

Game seed: 678407237453048757

1008 Destapler the Trooper (level 8, -1/118 HPs)
             Began as a Troll Berserker on July 25, 2022.
             Was a Priest of Trog.
             Slain by a killer bee (6 damage)
             ... on level 5 of the Dungeon.
             The game lasted 00:04:58 (3091 turns).

Destapler the Trooper (Troll Berserker)             Turns: 3091, Time: 00:05:00

Health: -1/118     AC:  4    Str: 34    XL:     8   Next: 1%
Magic:  0/7        EV: 10    Int:  3    God:    Trog [***...]
Gold:   172        SH:  0    Dex:  9    Spells: 7/7 levels left

rFire   . . .      SeeInvis .   a - +1 spear (spect)
rCold   . . .      Faith    .   (no shield)
rNeg    . . .      Spirit   +   c - +0 animal skin
rPois   .          Reflect  .   (helmet restricted)
rElec   .          Harm     .   (no cloak)
rCorr   .          Rampage  .   (gloves unavailable)
Will    .....                   (boots unavailable)
Stlth   ..........              d - amulet of guardian spirit
HPRegen 1.09/turn               b - +6 ring of strength
MPRegen 0.10/turn               (no ring)

@: berserking (expiring), lethally poisoned (-1 -> -5), very quick
A: large, unfitting armour, claws 3, regeneration 1, shaggy fur 1, tough skin 1
a: Renounce Religion, Berserk, Trog's Hand


You were on level 5 of the Dungeon.
You worshipped Trog.
Trog was most pleased with you.
You visited 1 branch of the dungeon, and saw 5 of its levels.

You collected 172 gold pieces.

Inventory:

Hand Weapons
 a - a +1 spectral spear (weapon)
Armour
 c - a +0 animal skin (worn)
Jewellery
 b - a +6 ring of strength (left claw)
 d - an amulet of guardian spirit (around neck)
 y - a ring of positive energy
Wands
 o - a wand of paralysis (9)
 r - a wand of flame (37)
 v - a wand of mindburst (28)
Scrolls
 j - 3 scrolls of identify
 n - a scroll of vulnerability {unknown}
 p - a scroll of summoning {unknown}
 u - a scroll of brand weapon
Potions
 e - a potion of invisibility {unknown}
 f - a potion of heal wounds {unknown}
 g - a potion of mutation {unknown}
 h - a potion of berserk rage {unknown}
 i - 4 potions of flight {unknown}
 k - a potion of might {unknown}
 m - a potion of cancellation {unknown}
 s - a potion of degeneration {unknown}
 t - a potion of resistance {unknown}
 w - 2 potions of ambrosia {unknown}
 z - 2 potions of curing {unknown}


   Skills:
 + Level 4.3 Fighting
 * Level 4.2 Polearms
 + Level 4.3 Dodging
 - Level 3.7 Unarmed Combat
 + Level 2.5 Evocations


You had 7 spell levels left.
You didn't know any spells.
Your spell library contained the following spells:

 Spells                   Type           Power      Damage    Failure   Level
 Passwall                 Tmut/Erth      0%         N/A       67%         2
 Teleport Other           Tloc           0%         N/A       88%         3
 Ice Form                 Ice/Tmut       0%         N/A       99%         4
 Malign Gateway           Summ/Tloc      0%         N/A       100%        7


Dungeon Overview and Level Annotations

Branches:
Dungeon (5/15)
 Temple: D:4-7

Altars:
Gozag
Nemelex Xobeh
Okawaru
Vehumet

Shops:
D:1 :   D:2 *


Innate Abilities, Weirdness & Mutations

You are too large for most types of armour.
You have claws for hands.
Your natural rate of healing is unusually fast.
You are covered in fur. (AC +1)
You have tough skin. (AC +1)


Message History

Your +1 spectral spear hits the killer bee but does no damage.
You feel very sick. The killer bee misses you. The killer bee stings you.
* * * LOW HITPOINT WARNING * * *
The orc hits you with a +0 club.
* * * LOW HITPOINT WARNING * * *
You hit the killer bee.
The killer bee is severely wounded.
Your +1 spectral spear closely misses the killer bee.
You feel very sick. The quokka barely misses you.
The killer bee closely misses you. The killer bee stings you.
* * * LOW HITPOINT WARNING * * *
You puncture the killer bee!
You kill the killer bee!
Trog accepts your kill.
You feel very sick. The killer bee barely misses you.
The orc barely misses you. The quokka closely misses you.
You have reached level 8!
You completely miss the killer bee.
Your +1 spectral spear hits the killer bee from afar.
You feel very sick.
The killer bee stings you but does no damage.
Unknown command.
You miss the killer bee.
The killer bee is lightly wounded.
Your +1 spectral spear hits the killer bee from afar!
You feel sick. The killer bee closely misses you.
The quokka bites you but does no damage.
The orc hits you with a +0 club.
* * * LOW HITPOINT WARNING * * *
You barely miss the killer bee.
The killer bee is heavily wounded.
Your +1 spectral spear closely misses the killer bee.
You feel sick. The killer bee misses you. The quokka closely misses you.
The orc hits you with a +0 club.
* * * LOW HITPOINT WARNING * * *
The killer bee stings you!
You die...

.### .....
.....######
..........#
#.....(o†.####.
#..)@y......
......r........
..####.......##
...###### ###..
##. . ##


You could see a killer bee, an orc, a quokka and a friendly +1 spectral spear
(summoned).

Vanquished Creatures
  An ice beast (D:3)
  A phantom (D:4)
  2 scorpions (D:4)
  3 water moccasin zombies (D:4)
  A water moccasin skeleton (D:4)
  4 killer bees (D:5)
  A bullfrog zombie (D:4)
  A scorpion zombie (D:4)
  Ijyb (D:4)
  An iguana (D:4)
  3 orc wizards
  6 adders
  A gnoll (D:1)
  2 ufetubi (D:4)
  5 adder zombies (D:4)
  A dart slug (D:1)
  5 orcs
  10 ball pythons
  4 bats
  6 endoplasms
  A giant cockroach (D:4)
  4 goblins
  4 hobgoblins
  4 kobolds
  2 quokkas
  A frilled lizard (D:1)
  A quokka zombie (D:4)
  7 rats
83 creatures vanquished.

Vanquished Creatures (others)
  A plant (D:1)
  A withered plant (D:4)
2 creatures vanquished.

Grand Total: 85 creatures vanquished

Notes
Turn   | Place    | Note
-------+----------+-------------------------------------------
     0 | D:1      | Destapler the Troll Berserker began the quest for the Orb.
     0 | D:1      | Reached XP level 1. HP: 22/22 MP: 0/0
    33 | D:1      | Reached XP level 2. HP: 20/29 MP: 1/1
   110 | D:1      | Found Hocucolekk's Book Shoppe.
   558 | D:1      | Found a faded altar of an unknown god.
   827 | D:2      | Reached XP level 3. HP: 35/36 MP: 2/2
  1208 | D:2      | Found Veurgh's General Store.
  1231 | D:2      | Found an iron altar of Okawaru.
  1566 | D:3      | Reached ** piety under Trog
  1569 | D:3      | Found a radiant altar of Vehumet.
  1608 | D:3      | Reached XP level 4. HP: 41/45 MP: 3/3
  1622 | D:3      | Got the Volume of Remoulded Shifting
  1802 | D:3      | Noticed an ice beast
  1806 | D:3      | Killed an ice beast
  1807 | D:3      | Reached skill level 1 in Polearms
  1807 | D:3      | Reached XP level 5. HP: 37/53 MP: 2/4
  2341 | D:4      | Found a sparkling altar of Nemelex Xobeh.
  2363 | D:4      | Reached skill level 1 in Evocations
  2370 | D:4      | Reached XP level 6. HP: 45/61 MP: 5/5
  2488 | D:4      | Reached XP level 7. HP: 59/68 MP: 4/6
  2490 | D:4      | Reached *** piety under Trog
  2518 | D:4      | Noticed Ijyb
  2529 | D:4      | Killed Ijyb
  2798 | D:4      | Found an opulent altar of Gozag.
  3063 | D:5      | Entered Level 5 of the Dungeon
  3089 | D:5      | Reached XP level 8. HP: 14/79 MP: 2/7
  3091 | D:5      | HP: 5/118 [orc/+0 club (1)]
  3091 | D:5      | Slain by a killer bee

Illustrated notes

Levels and vault maps discovered:
D:1:      minmay_arrival_up_and_down, layout_basic, serial_shops, shop,
          dreamdust_ecumenical_altar_grove, serial_forest,
          infiniplex_forest_diagonal, infiniplex_forest_zigzag_1,
          infiniplex_forest_corner_2, infiniplex_forest_clump_cross,
          infiniplex_forest_clump_cross, infiniplex_forest_side_room,
          infiniplex_forest_clump_long, nicolae_figureground_sparkle
D:2:      cheibrodos_helix_gallery, layout_loops_corners, serial_shops,
          nicolae_shop_stone, basic_altar
D:3:      minmay_evil_eye, layout_loops_cross, vehumet_altar_wand_db,
          kennysheep_boxes
D:4:      layout_basic, grunt_gozag_statues,
          mainiacjoe_overflow_six_doors_small, serial_undead, serial_undead_e,
          serial_undead_c, serial_undead_f, serial_undead_e, serial_undead_d,
          serial_undead_b, serial_undead_e, serial_bayou_crossing, uniq_ijyb
D:5:      layout_rooms, mainiacjoe_overflow_alcove_1, st_stairs_11

Skill      XL: |  1  2  3  4  5  6  7 |
---------------+----------------------+-----
Fighting       | 3 4 |  4.3
Dodging        | 3 4 |  4.3
Polearms       | 1 2 3 4 |  4.2
Evocations     | 1 2 |  2.5
Unarmed Combat | |  3.7

Action                   |  1- 3 |  4- 6 |  7- 9 || total
-------------------------+-------+-------+-------++-------
Melee: Unarmed           |    72 |     2 |       ||    74
       Punch             |     5 |     3 |     1 ||     9
       Spear             |       |    69 |    64 ||   133
Invok: Berserk           |       |       |     1 ||     1
  Use: Scroll            |     1 |     3 |     3 ||     7
Armor: Animal skin       |    16 |    21 |    30 ||    67
Dodge: Dodged            |    31 |    36 |    57 ||   124

Table legend: (Time is in decaauts)
 A = Elapsed time spent in this place.
 B = Non-inter-level travel time spent in this place.
 C = Inter-level travel time spent in this place.
 D = Time resting spent in this place.
 E = Time spent auto-exploring this place.
 F = Levels seen in this place.
 G = Mean time per level.
                   A        B        C        D        E       F      G
               +--------+--------+--------+--------+--------+-----+--------+
         Total |   3113 |   2924 |    189 |     28 |   2462 |   5 |  622.6 |
       Dungeon |   3113 |   2924 |    189 |     28 |   2462 |   5 |  622.6 |
               +--------+--------+--------+--------+--------+-----+--------+

Top non-repeatable levels by time:
     D:3: 844 daAuts
     D:1: 799 daAuts
     D:4: 734 daAuts
     D:2: 713 daAuts
     D:5: 21 daAuts
